 Dungeon Crawl Stone Soup version 0.31.0-12-g77e489cdc1 (webtiles) character file.

Game seed: 13168975470134185883

200 NamelessAdventurer the Magician (level 6, -8/43 HPs)
             Began as a Djinni Conjurer on Feb 11, 2024.
             Was an Initiate of Hepliaklqana.
             Mangled by Sigmund
             ... wielding a +2 heavy scythe
              (20 damage)
             ... on level 2 of the Dungeon.
             The game lasted 00:07:20 (1590 turns).

NamelessAdventurer the Magician (Djinni Conjurer)   Turns: 1590, Time: 00:07:21

Health: -8/43      AC:  2    Str:  8    XL:     6   Next: 7%
Gold:   8          EV: 13    Int: 19    God:    Hepliaklqana [......] SH:  0 Dex: 12

rFire   + + .        (no weapon)
rCold   x . .        (no shield)
rNeg    . . .        a - +0 robe
rPois   ∞            (no helmet)
rElec   .            (no cloak)
rCorr   .            (no gloves)
SInv    .            (boots unavailable)
Will    .....        (no amulet)
Stlth   ++           (no ring)
HPRegen 0.27/turn    (no ring)
MPRegen 0.00/turn

%: infuse magic (-9 HP)
@: flying
A: sickness immunity, fire resistance 2, cold vulnerability 1, float, innate
caster, HP casting, extra vitality 1
a: Renounce Religion


You were on level 2 of the Dungeon.
You worshipped Hepliaklqana.
Hepliaklqana was noncommittal.
You visited 1 branch of the dungeon, and saw 3 of its levels.

You collected 8 gold pieces.

Inventory:

Armour
 a - a +0 robe (worn)
Potions
 b - a potion of lignification
 c - a potion of haste


   Skills:
 * Level 2.0 Fighting
 * Level 2.0 Armour
 * Level 3.7 Dodging
 * Level 2.8 Stealth
 * Level 3.9 Spellcasting
 * Level 3.9 Conjurations
 * Level 3.9 Hexes
 * Level 3.9 Summonings
 * Level 3.9 Necromancy
 * Level 3.9 Translocations
 * Level 3.9 Fire Magic
 * Level 3.9 Ice Magic
 * Level 3.9 Air Magic
 * Level 3.9 Earth Magic
 * Level 3.9 Alchemy


You knew the following spells:

 Your Spells              Type           Power      Damage    Failure   Level
a - Magic Dart            Conj           72%        1d6       2%          1
b - Searing Ray           Conj           36%        2d5       4%          2
c - Fulminant Prism       Conj/Alch      9%         3d6       28%         4
d - Iskenderun's Mystic   Conj/Tloc      18%        2d6       28%         4
e - Shock                 Conj/Air       72%        1d7       2%          1
f - Call Imp              Summ           36%        N/A       4%          2
Your spell library was empty.

Dungeon Overview and Level Annotations

Branches:
Dungeon (3/15)

Altars:
Dithmenos
Elyvilon
Gozag
Hepliaklqana
Zin
The Shining One

Shops:
D:2 :   D:3 :

Annotations:
D:2 Sigmund


Innate Abilities, Weirdness & Mutations

You are immune to sickness and miasma.
You are immune to poison.
Your flesh is very heat resistant. (rF++)
You are vulnerable to cold. (rC-)
You float through the air rather than walking.
You learn spells naturally, not from books.
Your magical power is your life essence.
You have superior vitality. (+4 MHP)


Message History

A puff of flame appears from out of thin air!
The puff of flame misses you. Something hits you.
Unknown command.
Casting: Searing Ray (safe; 4% risk of failure)
Confirm with . or Enter, or press ? or * to list all spells.
A tiny devil pulls itself out of the air.
Something misses your cerulean imp.
You hear some strange, mumbled words.
Your cerulean imp easily resists.
Something hits you!
There is a stone staircase leading up here.
Sigmund appears from thin air!
Reactivating autopickup.
Your cerulean imp barely misses Sigmund.
Sigmund points at you and mumbles some strange words.
The magic dart hits your cerulean imp.
Your cerulean imp hits Sigmund with a -3 spear.
Sigmund hits your cerulean imp with a +2 heavy scythe!
Your cerulean imp dies!
Your cerulean imp disappears in a puff of smoke!
Casting: Call Imp (safe; 4% risk of failure)
Confirm with . or Enter, or press ? or * to list all spells.
Aiming: Searing Ray (safe; 4% risk of failure)
Press: ? - help, Shift-Dir - straight line, f - Sigmund
Aim: Sigmund, wielding a +2 heavy scythe and wearing a +0 robe (lightly wounded, 75% to hit)
The searing ray hits Sigmund.
Sigmund is lightly wounded. (Press . to maintain the ray.)
The searing ray hits Sigmund!
Sigmund is heavily wounded.
The searing ray hits Sigmund!
Sigmund is severely wounded.
The searing ray hits Sigmund.
Sigmund is almost dead.
* * * LOW HITPOINT WARNING * * *
You finish channelling your searing ray.
Sigmund hits you from afar with a +2 heavy scythe!!
You die...
Sigmund begins carving another notch in his scythe.

.............................∩..<
.....................<......#.#..
........................[........
####.....#.....#..............#..
####..##..##...#.................
##....###..................####..
...#.#.....###.#.................
........##..<..............#.....
......#.#####.@.@..............
.....##.#######........(.......
...........................<...
..................>..........##
.....###########..........)....
#..### #...............
..###############........######
.......................###
.#######################


You could see Sigmund.

Vanquished Creatures
  A bombardier beetle (D:3)
  An orc wizard (D:3)
  4 gnolls (D:3)
  5 adders
  3 dart slugs
  2 ribbon worms
  5 orcs (D:3)
  3 ball pythons
  2 bats
  5 endoplasms
  3 giant cockroaches
  A goblin (D:1)
  A hobgoblin (D:3)
  2 kobolds (D:3)
  A quokka (D:2)
  A frilled lizard (D:2)
  2 rats (D:2)
42 creatures vanquished.

Vanquished Creatures (collateral kills)
  An orc (D:3)
  A ball python (D:2)
  2 endoplasms
4 creatures vanquished.

Grand Total: 46 creatures vanquished

Notes
Turn   | Place    | Note
-------+----------+-------------------------------------------
     0 | D:1      | NamelessAdventurer the Djinni Conjurer began the quest for
                  | the Orb.
     0 | D:1      | NamelessAdventurer set off with the following spells
                  | memorised: Magic Dart, Searing Ray, Fulminant Prism,
                  | Iskenderun's Mystic Blast.
     0 | D:1      | Reached XP level 1. HP: 15/15 MP: 0/0
   115 | D:1      | Reached XP level 2. HP: 20/21 MP: 0/0
   130 | D:2      | Found Jeziew's Book Shoppe.
   218 | D:2      | Reached XP level 3. HP: 22/26 MP: 0/0
   218 | D:2      | Learned a level 1 spell: Shock
   340 | D:3      | Reached skill level 1 in Fighting
   344 | D:3      | Reached XP level 4. HP: 25/32 MP: 0/0
   384 | D:3      | Reached skill level 1 in Armour
   596 | D:3      | Found a shadowy altar of Dithmenos.
   596 | D:3      | Noticed a shadow
   600 | D:3      | Found a hazy altar of Hepliaklqana.
   619 | D:3      | Became a worshipper of Hepliaklqana the Forgotten
   656 | D:3      | Found Raent's Book Boutique.
   766 | D:3      | Reached XP level 5. HP: 32/37 MP: 0/0
   766 | D:3      | Learned a level 2 spell: Call Imp
   869 | D:3      | Found a glowing golden altar of the Shining One.
   869 | D:3      | Found a glowing silver altar of Zin.
   996 | D:3      | Found a white marble altar of Elyvilon.
  1128 | D:3      | Found an opulent altar of Gozag.
  1490 | D:2      | Reached XP level 6. HP: 43/43 MP: 0/0
  1529 | D:2      | Noticed Sigmund
  1590 | D:2      | Mangled by Sigmund

Illustrated notes

Levels and vault maps discovered:
D:1:      dpeg_arrival_round_a, layout_basic,
          hellmonk_ecumenical_altar_inner_sanctum
D:2:      layout_rooms, serial_shops, nicolae_shop_crystal, uniq_sigmund
D:3:      layout_basic, riverfiend_overflow_shadow_ancestor, good_gods_temple_1,
          mainiacjoe_overflow_paths, serial_shops,
          nicolae_shop_tiny_real_fake_doors

Skill      XL: |  1  2  3  4  5  6 |
---------------+-------------------+-----
Fighting       | 1 2 |  2.0
Stealth        | 2 |  2.8
Armour         | 1 2 |  2.0
Dodging        | 3 |  3.7
Spellcasting   | |  3.9
Conjurations   | |  3.9
Hexes          | |  3.9
Summonings     | |  3.9
Necromancy     | |  3.9
Translocations | |  3.9
Fire Magic     | |  3.9
Ice Magic      | |  3.9
Air Magic      | |  3.9
Earth Magic    | |  3.9
Alchemy        | |  3.9

Action                     |  1- 3 |  4- 6 || total
---------------------------+-------+-------++-------
  Melee: Unarmed           |       |     1 ||     1
   Cast: Magic Dart        |    18 |     3 ||    21
         Searing Ray       |     6 |    16 ||    22
         Shock             |     3 |    17 ||    20
         Call Imp          |       |     7 ||     7
    Use: Scroll            |     1 |     3 ||     4
         Potion            |       |     1 ||     1
 Armour: Robe              |     6 |    42 ||    48
  Dodge: Dodged            |     5 |    32 ||    37
